 Dungeon Crawl Stone Soup version 0.27.1-2-g3b301248ec (webtiles) character file.

Game seed: 4788412493363932589

316 DoubleLucky the Ruffian (level 6, 0/62 HPs)
             Began as a Troll Fighter on Oct 2, 2021.
             Killed from afar by Sigmund (9 damage)
             ... with a magic dart
             ... on level 3 of the Dungeon.
             The game lasted 00:06:15 (2681 turns).

DoubleLucky the Ruffian (Troll Fighter)             Turns: 2681, Time: 00:06:16

Health: 0/62       AC:  4    Str: 26    XL:     6   Next: 20%
Magic:  5/5        EV:  8    Int:  5    God:
Gold:   93         SH:  0    Dex:  9    Spells: 5/5 levels left

rFire    . . .     SeeInvis .     - Unarmed
rCold    . . .     Faith    .   b - +0 kite shield
rNeg     . . .     Spirit   .   a - +0 robe
rPois    .         Reflect  .   (helmet restricted)
rElec    .         Harm     .   (no cloak)
rCorr    .         Rampage  .   (gloves unavailable)
Will     .....                  (boots unavailable)
Stlth    +.........             (no amulet)
HPRegen  1.20/turn              (no ring)
MPRegen  0.09/turn              (no ring)

@: confused
A: large, unfitting armour, claws 3, regeneration 1, shaggy fur 1, tough skin 1
a: no special abilities


You were on level 3 of the Dungeon.
You visited 1 branch of the dungeon, and saw 3 of its levels.

You collected 93 gold pieces.

Inventory:

Missiles
 g - 29 poisoned darts (quivered)
Armour
 a - a +0 robe (worn)
 b - a +0 kite shield (worn)
Scrolls
 h - a scroll of identify {unknown}
 i - a scroll of immolation {unknown}
 l - a scroll of magic mapping {unknown}
Potions
 c - 2 potions of might
 d - 2 potions of lignification {unknown}
 e - 4 potions of haste {unknown}
 f - 2 potions of degeneration {unknown}
 j - a potion of heal wounds {unknown}
 k - a potion of attraction {unknown}


   Skills:
 + Level 3.9 Fighting
 - Level 2.4 Dodging
 + Level 3.9 Shields
 + Level 4.0 Unarmed Combat


You had 5 spell levels left.
You didn't know any spells.
Your spell library contained the following spells:

 Spells                   Type           Power      Damage    Failure   Level
 Animate Skeleton         Necr           0%         N/A       85%         1
 Apportation              Tloc           0%         N/A       85%         1
 Corona                   Hex            0%         N/A       85%         1
 Pain                     Necr           0%         1d4       85%         1
 Summon Small Mammal      Summ           0%         N/A       85%         1
 Agony                    Necr           0%         N/A       100%        5
 Excruciating Wounds      Necr           0%         N/A       100%        5


Dungeon Overview and Level Annotations

Branches:
Dungeon (3/15)

Altars:

Annotations:
D:3 Sigmund


Innate Abilities, Weirdness & Mutations

You are too large for most types of armour.
You have claws for hands.
Your natural rate of healing is unusually fast.
You are covered in fur. (AC +1)
You have tough skin. (AC +1)


Message History

Something hits you!
You claw the hobgoblin!
You kill the hobgoblin!
Something hits you! Something hits you but does no damage. Something hits you!
Something hits you.
You hear some strange, mumbled words.
You are confused.
You bump into the rock wall.
Something hits you.
You completely miss something. You scratch something.
Something hits you but does no damage.
You're too confused to move!
Something hits you!
* * * LOW HITPOINT WARNING * * *
You bump into the rock wall.
You completely miss something.
You hear some strange, mumbled words.
A magic dart appears from out of thin air!
The magic dart hits you.
* * * LOW HITPOINT WARNING * * *
You're too confused to move!
You feel less confused.
You hear some strange, mumbled words.
A magic dart appears from out of thin air!
The magic dart hits you.
* * * LOW HITPOINT WARNING * * *
You miss something. You block something's attack.
You barely miss something.
You hear some strange, mumbled words.
You are confused.
You bump into the rock wall.
You hear some strange, mumbled words.
A puff of flame appears from out of thin air!
The puff of flame hits you!
* * * LOW HITPOINT WARNING * * *
You barely miss something.
You hear some strange, mumbled words.
A magic dart appears from out of thin air!
The magic dart hits you!
You die...

#######......♣≈≈≈P≈≈..≈≈≈≈
........#####♣≈≈≈≈≈≈≈..P≈≈
#.......# ♣≈≈≈≈P≈....PP
#.#####.# ♣≈≈≈≈P≈≈.)≈P≈
#.# ♣≈≈≈PP...≈≈♣ #.#
#≈≈≈≈≈...≈P≈ #.##
#≈≈≈P≈P...≈# #.#.##
#♣P≈≈≈≈...##
..###@###.#♣P≈≈≈♣...# ###
##{...##≈P≈≈♣†.##
##.###..#♣≈≈≈♣.## #.##
##≈P #.# ≈≈≈...)##
.###≈##.## .≈..##.
.........# .. ..
.#######.# .## #.# ## #.#


There were no monsters in sight!

Vanquished Creatures
  Grinder (D:2)
  An orc priest (D:3)
  An adder (D:2)
  A worm (D:3)
  A dart slug (D:1)
  4 orcs
  9 ball pythons
  7 bats
  4 endoplasms
  A giant cockroach (D:1)
  5 goblins
  7 hobgoblins
  5 jackals
  4 kobolds
  2 frilled lizards (D:1)
  6 rats
59 creatures vanquished.

Vanquished Creatures (others)
  2 plants (D:3)
2 creatures vanquished.

Grand Total: 61 creatures vanquished

Notes
Turn   | Place    | Note
-------+----------+-------------------------------------------
     0 | D:1      | DoubleLucky the Troll Fighter began the quest for the Orb.
     0 | D:1      | Reached XP level 1. HP: 22/22 MP: 0/0
   192 | D:1      | Reached XP level 2. HP: 29/29 MP: 1/1
   751 | D:1      | Reached XP level 3. HP: 35/36 MP: 2/2
  2427 | D:3      | Noticed Grinder
  2444 | D:3      | Paralysed by Grinder for 7 turns
  2456 | D:3      | Paralysed by Grinder for 3 turns
  2472 | D:2      | Paralysed by Grinder for 3 turns
  2483 | D:2      | Killed Grinder
  2484 | D:2      | Reached skill level 3 in Unarmed Combat
  2484 | D:2      | Reached XP level 4. HP: 43/48 MP: 3/3
  2484 | D:2      | Reached XP level 5. HP: 49/54 MP: 4/4
  2484 | D:2      | Reached XP level 6. HP: 56/62 MP: 5/5
  2647 | D:3      | Noticed Sigmund
  2652 | D:3      | Reached skill level 4 in Unarmed Combat
  2681 | D:3      | Killed from afar by Sigmund

Illustrated notes

Levels and vault maps discovered:
D:1:      dpeg_arrival_water_fire, layout_basic,
          shapermc_ecumenical_altar_petra, dk_noncrumbling_2
D:2:      layout_basic, roderic_lattice_a, minmay_tetromino_i4
D:3:      layout_loops_ring, serial_shops, nicolae_shop_stone,
          serial_bayou_ford_a, amcnicky_mini_pool_small, nrook_campfire,
          uniq_sigmund, uniq_grinder

Skill      XL: |  1  2  3  4  5  6 |
---------------+-------------------+-----
Shields        | 3 |  3.9
Fighting       | 3 |  3.9
Unarmed Combat | 3 4 |  4.0
Dodging        | |  2.4

Action                   |  1- 3 |  4- 6 || total
-------------------------+-------+-------++-------
Melee: Unarmed           |   146 |    29 ||   175
 Stab: Sleeping          |     1 |       ||     1
Armor: Robe              |    45 |     2 ||    47
Dodge: Dodged            |    48 |     7 ||    55
Block: Kite shield       |    71 |    11 ||    82
